 Dungeon Sprint DCSS version 0.22.1-2-g9c5b331 (webtiles) character file.

1026 diana the Severer (level 8, -6/82 HPs)
             Began as a Hill Orc Monk on Dec 4, 2018.
             Was an Elder of Trog.
             Hit by a large rock thrown by a cyclops (17 damage)
             ... in the Dungeon (Sprint IX: "|||||||||||||||||||||||||||||").
             The game lasted 00:02:31 (627 turns).

diana the Severer (Hill Orc Monk)                    Turns: 627, Time: 00:02:32

Health: -6/82      AC:  9    Str: 16    XL:     8   Next: 23%
Magic:  8/8        EV:  7    Int: 13    God:    Trog [****..]
Gold:   0          SH:  0    Dex: 13    Spells: 7/7 levels left

rFire    . . .     SeeInvis .   j - +3 war axe (chop)
rCold    . . .     Gourm    .   (no shield)
rNeg     . . .     Faith    .   m - +1 chain mail
rPois    .         Spirit   .   k - +0 helmet
rElec    .         Reflect  .   (no cloak)
rCorr    .         Harm     .   (no gloves)
MR       ++...     NoTele   +   e - +0 pair of boots
Stlth    ..........             (no amulet)
HPRegen  1.23/turn              l - +2 ring of protection
MPRegen  0.11/turn              n - +3 ring of intelligence

@: corroded, berserk cooldown, regenerating, slowed, drained, very slow
A: no striking features
a: Berserk, Trog's Hand, Brothers in Arms, Renounce Religion


You were in the Dungeon.
You worshipped Trog.
Trog was greatly pleased with you.
You were hungry.

You visited 1 branch

Inventory:

Hand Weapons
 a - a +0 hand axe
 j - a +3 war axe of chopping (weapon)
Armour
 b - a +0 robe
 e - a +0 pair of boots (worn)
 k - a +0 helmet (worn)
 m - a +1 chain mail (worn)
Jewellery
 l - a +2 ring of protection (left hand)
 n - a +3 ring of intelligence (right hand)
Wands
 o - a wand of acid (10)
Scrolls
 i - 2 scrolls of blinking
 p - 3 scrolls of remove curse
Potions
 d - 5 potions of curing
 f - a potion of haste
 g - 4 potions of magic
 h - a potion of berserk rage
 q - a potion of invisibility
Comestibles
 c - a ration


   Skills:
 + Level 11.0(10.0) Fighting
 * Level 15.6(14.4) Axes
 - Level 2.4(1.5) Dodging
 + Level 8.3(7.3) Stealth


You had 7 spell levels left.
You didn't know any spells.
Your spell library was empty.

Dungeon Overview and Level Annotations

Branches:
Dungeon (1/1)

Altars:
Cheibriados
Dithmenos
Elyvilon
Fedhas
Gozag
Hepliaklqana
Kikubaaqudgha
Makhleb
Nemelex Xobeh
Okawaru
Qazlal
Ru
Sif Muna
Trog
Uskayaw
Vehumet
Wu Jian
Xom
Yredelemnul
Zin
The Shining One
Beogh
Jiyva
Lugonu


Message History

The cyclops hits you but does no damage.
You feel much better.
The wight hits you from afar with an enchanted trident!
You feel drained. The cyclops completely misses you.
You hit the cyclops but do no damage. The wight hits you but does no damage.
You slash the cyclops!
The cyclops is lightly wounded.
The wight hits you from afar with an enchanted trident.
You feel drained. The cyclops hits you!
* * * LOW HITPOINT WARNING * * *
Your chain mail prevents you from hitting the cyclops.
The cyclops is lightly wounded.
The wight hits you from afar with an enchanted trident.
* * * LOW HITPOINT WARNING * * *
The cyclops barely misses you.
The wight hits you from afar with an enchanted trident!
* * * LOW HITPOINT WARNING * * *
Okay, then.
The cyclops throws a large rock.
The large rock hits you!
You die... ▓▓▓▓▓▓▓▓▓▓▓▓▓▓▓▓▓▓▓▓▓▓▓ +.FzC.@'...[))'(....)|? ▓▓▓▓▓▓▓▓▓▓▓▓▓▓▓▓▓▓▓▓▓▓▓

You could see a cyclops, a bullfrog and a wight.

Vanquished Creatures
  An ugly thing (D)
  An acid dragon (D)
  An orc warrior (D)
  An ice beast (D)
  A phantom (D)
  An ogre (D)
  A centaur (D)
  A killer bee (D)
  A hound (D)
  An adder (D)
  2 orcs (D)
  A bat (D)
  2 jackals (D)
  2 kobolds (D)
  A quokka skeleton (D)
  A rat (D)
19 creatures vanquished.

Notes
Turn   | Place    | Note
-------+----------+-------------------------------------------
     0 | D        | diana the Hill Orc Monk began the quest for the Orb.
     0 | D        | Reached XP level 1. HP: 19/19 MP: 1/1
    14 | D        | Reached skill level 5 in Axes
   103 | D        | Noticed a phantom
   104 | D        | Reached XP level 2. HP: 27/27 MP: 2/2
   108 | D        | Reached skill level 6 in Axes
   130 | D        | Found a roughly hewn altar of Beogh.
   130 | D        | Found a snail-covered altar of Cheibriados.
   130 | D        | Found a shadowy altar of Dithmenos.
   130 | D        | Found a white marble altar of Elyvilon.
   130 | D        | Found a blossoming altar of Fedhas.
   130 | D        | Found an opulent altar of Gozag.
   131 | D        | Found a hazy altar of Hepliaklqana.
   132 | D        | Found a viscous altar of Jiyva.
   133 | D        | Found an ancient bone altar of Kikubaaqudgha.
   134 | D        | Found a corrupted altar of Lugonu.
   135 | D        | Found a burning altar of Makhleb.
   136 | D        | Found a sparkling altar of Nemelex Xobeh.
   137 | D        | Found an iron altar of Okawaru.
   138 | D        | Found a stormy altar of Qazlal.
   139 | D        | Found a sacrificial altar of Ru.
   140 | D        | Found a deep blue altar of Sif Muna.
   141 | D        | Found a bloodstained altar of Trog.
   142 | D        | Found a hide-covered altar of Uskayaw.
   143 | D        | Found a radiant altar of Vehumet.
   144 | D        | Found an ornate altar of the Wu Jian Council.
   145 | D        | Found a shimmering altar of Xom.
   146 | D        | Found a basalt altar of Yredelemnul.
   147 | D        | Found a glowing silver altar of Zin.
   148 | D        | Found a glowing golden altar of the Shining One.
   149 | D        | Became a worshipper of Trog the Wrathful
   149 | D        | Reached * piety under Trog
   149 | D        | Reached ** piety under Trog
   211 | D        | Killed a phantom
   211 | D        | Reached skill level 9 in Axes
   211 | D        | Reached XP level 3. HP: 23/38 MP: 3/3
   211 | D        | Reached XP level 4. HP: 27/45 MP: 4/4
   336 | D        | Noticed an orc warrior
   336 | D        | Noticed an ogre
   336 | D        | Noticed a centaur
   339 | D        | Killed a centaur
   339 | D        | Reached skill level 10 in Axes
   339 | D        | Reached skill level 5 in Stealth
   339 | D        | Reached XP level 5. HP: 36/52 MP: 5/5
   353 | D        | Reached skill level 11 in Axes
   353 | D        | Reached XP level 6. HP: 30/61 MP: 6/6
   358 | D        | Reached *** piety under Trog
   358 | D        | Reached skill level 12 in Axes
   363 | D        | Killed an orc warrior
   363 | D        | Reached skill level 13 in Axes
   363 | D        | Reached XP level 7. HP: 21/70 MP: 7/7
   605 | D        | Noticed a cyclops
   605 | D        | Noticed a red ugly thing
   613 | D        | Killed a red ugly thing
   613 | D        | Reached skill level 10 in Fighting
   613 | D        | Reached skill level 15 in Axes
   616 | D        | Reached XP level 8. HP: 44/81 MP: 8/8
   620 | D        | Reached **** piety under Trog
   627 | D        | Hit by a large rock thrown by a cyclops

Skill      XL: |  1  2  3  4  5  6  7  8 |
---------------+-------------------------+-----
Fighting       | 4 6 7 8 9 10 11 | 11.0
Stealth        | 2 4 5 6 8 |  8.3
Axes           | 5 9 10 11 13 15 | 15.6
Dodging        | |  2.4

Action                   |  1- 3 |  4- 6 |  7- 9 || total
-------------------------+-------+-------+-------++-------
Melee: Hand axe          |    29 |       |       ||    29
       War axe           |    13 |    23 |    16 ||    52
Invok: Trog's Hand       |     1 |     1 |     1 ||     3
       Berserk           |       |     1 |     1 ||     2
  Use: Potion            |     1 |       |     2 ||     3
 Stab: Distracted        |     1 |       |       ||     1
  Eat: Chunk             |       |       |     1 ||     1
Armor: Robe              |     6 |       |       ||     6
       Chain mail        |       |     8 |     3 ||    11
Dodge: Dodged            |    18 |     9 |     6 ||    33
